 Dungeon Crawl Stone Soup version 0.30.0-15-g856e2d3f33 (webtiles) character file.

Game seed: 9271844036996843461

8249 JanusIIV the Carver (level 11, -10/97 HPs)
             Began as a Naga Conjurer on May 18, 2023.
             Was a High Priest of Cheibriados.
             Killed by an exploding themself (27 damage)
             ... ignited by their inner flame
             ... on level 11 of the Dungeon.
             The game lasted 00:39:04 (11599 turns).

JanusIIV the Carver (Naga Conjurer)                Turns: 11599, Time: 00:39:05

Health: -10/97     AC: 11    Str: 23    XL:     11   Next: 27%
Magic:  10/14      EV: 17    Int: 43    God:    Cheibriados [*****.]
Gold:   931        SH:  0    Dex: 24    Spells: 3/14 levels left

rFire   . . .        p - +8 scimitar of Painful Death {pain, rC+ rN+}
rCold   + . .        (no shield)
rNeg    + . .        F - +0 acid dragon scales
rPois   +            B - +0 helmet
rElec   .            I - +0 cloak
rCorr   +            y - +0 pair of gloves
SInv    +            (no barding)
Will    +....        (no amulet)
Stlth   ++++         m - +6 ring of intelligence
HPRegen 0.36/turn    v - +5 ring of evasion
MPRegen 0.14/turn

%: no passive effects
@: very slow
A: AC +3, large, see invisible, deformed body, poison resistance, slowness 2,
spit poison 1, naga tail 1
a: Spit Poison, Renounce Religion, Bend Time, Temporal Distortion, Slouch, Step
From Time


You were on level 11 of the Dungeon.
You worshipped Cheibriados.
Cheibriados was extremely pleased with you.
You visited 2 branches of the dungeon, and saw 12 of its levels.
You also visited: Sewer.

You collected 1205 gold pieces.
You spent 274 gold pieces at shops.

Inventory:

Hand Weapons
 j - the +3 sling of Houzxoc {drain, Dex+4}
   (You found it on level 2 of the Dungeon)

   Dex:       It affects your dexterity (+4).
 p - the +8 scimitar of Painful Death (weapon) {pain, rC+ rN+}
   (You took it off a goblin on level 2 of the Dungeon)

   rC:        It protects you from cold.
   rN:        It protects you from negative energy.
Armour
 y - a +0 pair of gloves (worn)
 B - a +0 helmet (worn)
 F - +0 acid dragon scales (worn)
 I - a +0 cloak (worn)
Jewellery
 m - a +6 ring of intelligence (left hand)
 o - a ring of positive energy
 v - a +5 ring of evasion (right hand)
 w - a ring of ice
 D - an amulet of magic regeneration
Wands
 a - a wand of quicksilver (6)
 e - a wand of polymorph (13)
 t - a wand of flame (35)
 C - a wand of charming (2)
Scrolls
 d - 7 scrolls of enchant armour
 f - 9 scrolls of teleportation
 h - 2 scrolls of fear
 l - 3 scrolls of magic mapping
 n - 5 scrolls of amnesia
 q - a scroll of enchant weapon
 s - 2 scrolls of blinking
 u - 4 scrolls of identify
 z - 2 scrolls of fog
 A - a scroll of brand weapon
 H - a scroll of immolation {unknown}
Potions
 b - a potion of magic
 c - a potion of invisibility
 i - a potion of berserk rage
 k - 2 potions of might
 r - a potion of ambrosia
 x - 2 potions of curing
 E - a potion of resistance
 G - a potion of cancellation {unknown}
 J - a potion of lignification {unknown}


   Skills:
 + Level 6.2 Fighting
 + Level 11.0 Long Blades
 - Level 4.0 Armour
 - Level 4.0 Dodging
 - Level 8.0 Stealth
 - Level 2.0 Spellcasting
 - Level 8.0 Conjurations
 + Level 4.7 Invocations


You had 3 spell levels left.
You knew the following spells:

 Your Spells              Type           Power      Damage    Failure   Level
a - Magic Dart            Conj           100%       1d8       1%          1
b - Summon Guardian Gole  Hex/Summ       4%         N/A       12%         3
c - Orb of Destruction    Conj           32%        9d10      77%         7

Your spell library contained the following spells:

 Spells                   Type           Power      Damage    Failure   Level
 Kiss of Death            Conj/Necr      100%       2d13      1%          1
 Searing Ray              Conj           100%       2d8       1%          2
 Dazzling Flash           Conj/Hex       76%        N/A       2%          3
 Hailstorm                Conj/Ice       38%        3d9       2%          3
 Apportation              Tloc           8%         N/A       4%          1
 Freeze                   Ice            16%        1d4       4%          1
 Mephitic Cloud           Conj/Pois/Air  27%        N/A       4%          3
 Call Imp                 Summ           8%         N/A       6%          2
 Lesser Beckoning         Tloc           8%         N/A       6%          2
 Scorch                   Fire           8%         2d5       6%          2
 Confusing Touch          Hex            4%         N/A       12%         3
 Frozen Ramparts          Ice            8%         1d2       12%         3
 Gell's Gravitas          Tloc           4%         N/A       12%         3
 Teleport Other           Tloc           4%         N/A       12%         3
 Flame Wave               Conj/Fire      38%        2d10      8%          4
 Fulminant Prism          Conj/Hex       19%        3d10      8%          4
 Iskenderun's Mystic Bla  Conj/Tloc      38%        2d9       8%          4
 Dispel Undead            Necr           4%         3d7       36%         4
 Alistair's Intoxication  Tmut/Pois      2%         N/A       73%         5
 Summon Cactus Giant      Summ           2%         N/A       99%         6
 Spellforged Servitor     Conj/Summ      19%        N/A       100%        7


Dungeon Overview and Level Annotations

Branches:
Dungeon (11/15)            Temple (1/1) D:4             Orc (0/2) D:9
  Sewer (visited)
   Lair: D:8-11

Altars:
Ashenzari
Cheibriados
Dithmenos
Elyvilon
Fedhas
Gozag
Hepliaklqana
Kikubaaqudgha
Makhleb
Nemelex Xobeh
Okawaru
Qazlal
Ru
Sif Muna
Trog
Uskayaw
Vehumet
Wu Jian
Xom
Yredelemnul
Zin
The Shining One

Shops:
D:1 ?   D:3 ?   D:8 =?(


Innate Abilities, Weirdness & Mutations

Your serpentine skin is tough. (AC +3)
You have supernaturally acute eyesight. (SInv)
Armour fits poorly on your strangely shaped body.
Your system is resistant to poisons. (rPois)
You cover ground very slowly.
You can spit poison.
You have a snake-like lower body.


Message History

The meliai stings you but does no damage.
Your Long Blades skill increases to level 11!
You feel much better.
You feel sick.
The meliai mumbles some strange prayers to its god against you.
Something smites you! The meliai completely misses you.
The meliai barely misses your guardian golem.
The meliai closely misses you.
The black bear bites you but does no damage.
The black bear claws you but does no damage.
The black bear claws you.
* * * LOW HITPOINT WARNING * * *
You feel better. The meliai closely misses you.
The meliai hits your guardian golem but does no damage.
The meliai closely misses you. The meliai hits you with a +0 hand axe.
The meliai hits your guardian golem with a +0 hand axe.
Flame seeps out of your guardian golem. The meliai barely misses you.
The black bear barely misses you. The black bear misses you.
The black bear claws you but does no damage.
You slash the meliai!
The meliai is heavily wounded.
The meliai hits you with a +0 hand axe!
* * * LOW HITPOINT WARNING * * *
The meliai barely misses your guardian golem.
The meliai completely misses you.
Unknown command.
You miss the meliai.
The meliai is heavily wounded.
The meliai hits you with a +0 hand axe.
* * * LOW HITPOINT WARNING * * *
The meliai hits your guardian golem but does no damage.
The meliai stings you.
* * * LOW HITPOINT WARNING * * *
The black bear bites you but does no damage.
The black bear claws you but does no damage.
The black bear closely misses you. The meliai hits you but does no damage.
The meliai hits your guardian golem with a +0 hand axe!
Your guardian golem disappears in a puff of smoke!
Your guardian golem explodes!
The fiery explosion engulfs the meliai!
The fiery explosion engulfs you!!
You die...

... P... ### ..PP
... ..... #^#
..l####.# ...##.#
. ##h##.#
...###§y@#.#
......§°§..#
#.###§§§### #.
##.## #.# #.##
#.###..# ##..##.#
.##.#.#.##.######.
#.................


You could see a komodo dragon, a black bear and a meliai.

Vanquished Creatures
  Erica (D:8)
  A tengu warrior (D:10)
  Lodul (D:10)
  Pikel (D:6)
  An unseen horror (D:10)
  Maggie (D:8)
  2 meliai (D:11)
  2 steam dragons
  Edmund (D:6)
  4 water moccasins
  An acid dragon (D:9)
  5 orc warriors
  Pargi (Sewer)
  2 black bears
  3 ice beasts
  4 ogres (D:10)
  3 centaurs
  2 phantoms
  5 bullfrogs
  3 kobold brigands
  A gnoll sergeant (D:8)
  8 killer bees
  2 hounds
  7 orc priests
  2 gnoll boudas
  4 iguanas
  6 sleepcaps
  10 orc wizards
  13 gnolls
  9 adders
  A shadow imp (D:6)
  2 white imps
  An ufetubus (D:5)
  3 worms
  66 orcs
  7 endoplasms
  6 giant cockroaches
  5 goblins
  14 hobgoblins
  7 jackals
  5 quokkas
  12 ball pythons
  15 bats
  2 frilled lizards
  16 kobolds
  4 rats
272 creatures vanquished.

Vanquished Creatures (others)
  3 ogres (D:10)
  An orc wizard (D:9)
4 creatures vanquished.

Grand Total: 276 creatures vanquished

Notes
Turn   | Place    | Note
-------+----------+-------------------------------------------
     0 | D:1      | JanusIIV the Naga Conjurer began the quest for the Orb.
     0 | D:1      | Reached XP level 1. HP: 15/15 MP: 3/3
   378 | D:1      | Reached XP level 2. HP: 22/22 MP: 0/5
  1435 | D:1      | Found Aneshat's Magic Scroll Shoppe.
  1486 | D:2      | Reached XP level 3. HP: 28/28 MP: 2/6
  1593 | D:2      | Identified the +3 sling of Houzxoc {drain, Dex+4}
  1636 | D:2      | Reached skill level 5 in Conjurations
  1687 | D:2      | Reached skill level 1 in Fighting
  1808 | D:2      | Identified the +8 scimitar of Painful Death {pain, rC+ rN+}
  1877 | D:2      | Reached XP level 4. HP: 39/39 MP: 0/7
  2497 | D:3      | You fall into a shaft and drop 1 floor!
  2677 | D:3      | Found Ruqeg's Magic Scroll Boutique.
  3008 | D:3      | Reached XP level 5. HP: 49/49 MP: 6/8
  3118 | D:3      | Identified the +8 spear "Ysoextei" {venom, Str-4 Int+2
                  | Dex+3}
  3587 | D:4      | Found a staircase to the Ecumenical Temple.
  3587 | D:4      | Noticed a black bear
  3595 | D:4      | Killed a black bear
  3596 | D:4      | Reached skill level 2 in Long Blades
  3596 | D:4      | Reached XP level 6. HP: 11/57 MP: 3/9
  3761 | Temple   | Entered the Ecumenical Temple
  3816 | Temple   | Became a worshipper of Cheibriados the Contemplative
  4006 | D:4      | Reached skill level 3 in Long Blades
  4461 | D:5      | Entered Level 5 of the Dungeon
  4471 | D:5      | Reached * piety under Cheibriados
  4758 | D:5      | Reached skill level 4 in Long Blades
  4761 | D:5      | Reached skill level 1 in Armour
  4792 | D:5      | Reached XP level 7. HP: 49/64 MP: 3/10
  5051 | D:5      | Reached ** piety under Cheibriados
  5630 | D:6      | Reached XP level 8. HP: 65/72 MP: 7/11
  5636 | D:6      | Noticed Edmund
  5663 | D:6      | Noticed Pikel
  5672 | D:6      | Killed Pikel
  5673 | D:6      | Reached skill level 6 in Long Blades
  5689 | D:6      | Found a glowing drain.
  5699 | Sewer    | Entered a sewer
  5784 | Sewer    | Reached *** piety under Cheibriados
  5816 | Sewer    | Noticed Pargi
  5822 | Sewer    | Killed Pargi
  5823 | Sewer    | Reached skill level 7 in Long Blades
  5903 | D:6      | Killed Edmund
  6018 | D:6      | Reached XP level 9. HP: 16/78 MP: 2/12
  6340 | D:6      | Reached skill level 8 in Long Blades
  7314 | D:7      | Reached **** piety under Cheibriados
  7461 | D:7      | Reached skill level 5 in Fighting
  7461 | D:7      | Reached skill level 9 in Long Blades
  8053 | D:7      | Reached ***** piety under Cheibriados
  8054 | D:7      | Reached skill level 5 in Stealth
  8378 | D:8      | Reached XP level 10. HP: 80/91 MP: 13/13
  8518 | D:8      | Reached skill level 1 in Invocations
  8554 | D:8      | Found Makhe's Jewellery Emporium.
  8589 | D:8      | Noticed Erica
  8599 | D:8      | Killed Erica
  8866 | D:8      | Found Ucetsow's Magic Scroll Shoppe.
  8870 | D:8      | Bought a scroll of identify for 22 gold pieces
  8870 | D:8      | Bought a scroll of enchant armour for 82 gold pieces
  8870 | D:8      | Bought a scroll of identify for 22 gold pieces
  8870 | D:8      | Bought a scroll of fog for 44 gold pieces
  8870 | D:8      | Bought a scroll of brand weapon for 104 gold pieces
  8886 | D:8      | Noticed Maggie
  8906 | D:8      | Killed Maggie
  9143 | D:8      | Found a shimmering altar of Xom.
  9301 | D:8      | Found Nuqealaf's Antique Weapon Boutique.
  9788 | D:9      | Found a staircase to the Orcish Mines.
 10571 | D:9      | Learned a level 3 spell: Summon Guardian Golem
 10579 | D:9      | Learned a level 7 spell: Orb of Destruction
 10584 | D:10     | Entered Level 10 of the Dungeon
 10772 | D:10     | Noticed a tengu warrior
 10778 | D:10     | Noticed Lodul
 10792 | D:10     | Killed a tengu warrior
 10793 | D:10     | Reached XP level 11. HP: 69/97 MP: 5/14
 10797 | D:10     | Reached skill level 10 in Long Blades
 10817 | D:10     | Killed Lodul
 11596 | D:11     | Reached skill level 11 in Long Blades
 11599 | D:11     | Killed by an exploding themself... ignited by their inner
                  | flame

Illustrated notes

Levels and vault maps discovered:
D:1:      dpeg_arrival_rhombus, layout_loops_cross, serial_co_window_serial,
          co_window_corner_a, co_window_paths_b, co_window_paths_a,
          co_window_of_opportunity_a, co_window_corner_a, co_window_paths_b,
          co_window_corner_a, co_window_broadway_b, co_window_corner_b,
          co_window_of_opportunity_c, co_window_unsneaky_path_e,
          co_window_broadway_a, co_window_broadway_a, co_window_4corner_b,
          glass_columns_b, glass_columns_a, glass_columns_a, glass_columns_b,
          glass_columns_b, serial_shops, nicolae_shop_rolled_up
D:2:      layout_rooms
D:3:      layout_basic, serial_shops, nicolae_shop_hallway_plus
D:4:      layout_rooms, minmay_temple_entry_mini_moons
D:5:      layout_rooms, hellmonk_no_cap
D:6:      layout_cave_pools, portal_sewer_entry_d, uniq_edmund, uniq_pikel
D:7:      layout_rooms, grunt_ministairs_3
D:8:      layout_rooms, general_overflow_altar, serial_shops, shop,
          nicolae_shop_back_alley_shop, shop, uniq_erica, uniq_maggie
D:9:      layout_cave_pods, erik_orc_4
D:10:     layout_irregular_city, roderic_lattice_a, uniq_lodul
D:11:     layout_loops_ring, grunt_lair_entry_orc_guard_hut,
          trog_ov_bears_minmay
Temple:   grunt_wide_crystal_templ

Skill      XL: |  1  2  3  4  5  6  7  8  9 10 11 |
---------------+----------------------------------+-----
Conjurations   | 5 8 |  8.0
Fighting       | 1 3 4 6 |  6.2
Long Blades    | 2 4 7 9 11 | 11.0
Armour         | 1 4 |  4.0
Dodging        | 3 4 |  4.0
Stealth        | 7 8 |  8.0
Invocations    | 4 |  4.7
Spellcasting   | |  2.0

Action                     |  1- 3 |  4- 6 |  7- 9 | 10-12 || total
---------------------------+-------+-------+-------+-------++-------
  Melee: Unarmed           |     1 |       |       |       ||     1
         Scimitar          |     1 |    48 |   173 |    83 ||   305
         Punch             |       |     1 |     2 |       ||     3
   Fire: Sling             |     5 |       |       |       ||     5
   Cast: Magic Dart        |    76 |   124 |   145 |   139 ||   484
         Summon Guardian G |       |       |       |     5 ||     5
Ability: Spit Poison       |     4 |    11 |    23 |    17 ||    55
  Evoke: Wand              |       |       |     1 |    26 ||    27
    Use: Scroll            |       |       |    16 |     4 ||    20
         Potion            |       |       |     1 |     2 ||     3
   Stab: Sleeping          |       |       |     1 |     1 ||     2
 Armour: Robe              |     2 |     4 |       |       ||     6
         Ring mail         |       |       |    64 |    10 ||    74
         Swamp dragon scal |       |       |       |     9 ||     9
         Acid dragon scale |       |       |       |    14 ||    14
  Dodge: Dodged            |     6 |    26 |   216 |   116 ||   364
